cohdb
Replays
Latest Replays
All Replays
Popular Replays
Top Player Replays
Match Explorer
How It Works
Community
CoH3 Stats
Reddit
Sign in to upload your games and track your stats! →
Sign in with Steam
Match 25047969
Unlisted
Match 25047969
Overview
Messages
Build Orders
End
Kettenkrad Recon Vehicle
Construct Infanterie Kompanie
MG 42 Machine Gun Team
GrW 34 Mortar Team
Selects Italian Coastal Battlegroup
Selects Coastal Reserves
Coastal Reserve
Construct Panzergrenadier Kompanie
Coastal Reserve
Support Elements
Nebelwerfer 42 Rocket Launcher Team
MG 42 Bunker
Selects Support Bunkers
Selects Designated Artillery Overwatch
StuG III G Assault Gun
Designated Artillery Overwatch
Anti-tank Bunker
StuG III G Assault Gun
K21
Digital_Oracle86
cp3
ns01111
过客
TidaL
给我打PAL
混编旅
0
0
Comments
sign in to comment!
No comments posted yet!